 Dungeon Crawl Stone Soup version 0.29.0-5-ge4962eb29e (webtiles) character file.

Game seed: 15912691519292780019

14 LynnLen the Sneak (level 2, -1/14 HPs)
             Began as a Spriggan Enchanter on Aug 29, 2022.
             Slain by a kobold
             ... wielding a +0 short sword
              (2 damage)
             ... on level 1 of the Dungeon.
             The game lasted 00:01:51 (542 turns).

LynnLen the Sneak (Spriggan Enchanter)               Turns: 542, Time: 00:01:52

Health: -1/14      AC:  2    Str:  4    XL:     2   Next: 27%
Magic:  7/7        EV: 17    Int: 16    God:
Gold:   48         SH:  0    Dex: 15    Spells: 7/7 levels left

rFire   . . .      SeeInvis +   a - +1 dagger
rCold   . . .      Faith    .   (no shield)
rNeg    . . .      Spirit   .   b - +0 robe
rPois   .          Reflect  .   (helmet restricted)
rElec   .          Harm     .   (no cloak)
rCorr   .          Rampage  .   (gloves unavailable)
Will    .....                   (boots unavailable)
Stlth   +++.......              (no amulet)
HPRegen 0.04/turn               (no ring)
MPRegen 0.10/turn               (no ring)

@: very quick
A: very small, no large weapons, unfitting armour, see invisible, speed 3
a: no special abilities


You were on level 1 of the Dungeon.
You visited 1 branch of the dungeon, and saw 1 of its levels.

You collected 48 gold pieces.

Inventory:

Hand Weapons
 a - a +1 dagger (weapon)
Armour
 b - a +0 robe (worn)
Potions
 c - 2 potions of invisibility
 d - 2 potions of brilliance {unknown}
 e - 2 potions of curing {unknown}


   Skills:
 + Level 0.5 Fighting
 - Level 1.1 Short Blades
 - Level 2.6 Dodging
 + Level 4.8 Stealth
 + Level 3.0 Spellcasting
 + Level 3.8 Hexes


You had 7 spell levels left.
You didn't know any spells.
Your spell library contained the following spells:

 Spells                   Type           Power      Damage    Failure   Level
 Confusing Touch          Hex            14%        N/A       12%         3
 Tukima's Dance           Hex            14%        N/A       12%         3
 Ensorcelled Hibernation  Hex/Ice        16%        N/A       13%         2
 Dazzling Flash           Conj/Hex       16%        N/A       26%         3
 Portal Projectile        Hex/Tloc       16%        N/A       26%         3
 Call Canine Familiar     Summ           2%         N/A       50%         3
 Leda's Liquefaction      Hex/Erth       4%         N/A       63%         4


Dungeon Overview and Level Annotations

Branches:
Dungeon (1/15)

Altars:


Innate Abilities, Weirdness & Mutations

You are very small and have problems with some larger weapons.
You are too small for most types of armour.
You have supernaturally acute eyesight. (SInv)
You cover ground extremely quickly. (Speed+++)


Message History

The goblin is heavily wounded.
The kobold shouts!
The bat barely misses you.
The kobold throws a stone.
The stone hits you but does no damage. The goblin completely misses you.
You closely miss the goblin.
The goblin is heavily wounded.
The bat closely misses you. The goblin barely misses you.
You hit the goblin.
The goblin is severely wounded.
The bat hits you.
* * * LOW HITPOINT WARNING * * *
The bat closely misses you. The goblin barely misses you.
You miss the goblin.
The goblin is severely wounded.
The bat closely misses you. The goblin hits you but does no damage.
You hit the goblin.
You kill the goblin!
The bat closely misses you.
You hit the bat.
You kill the bat!
The kobold throws a stone.
The stone completely misses you.
You see here a bat corpse.
You see here 8 stones.
There is an open door here.
The kobold throws a stone.
The stone barely misses you.
Okay, then.
You hit the kobold.
The kobold is moderately wounded.
The kobold barely misses you.
You closely miss the kobold.
The kobold is moderately wounded.
The kobold closely misses you.
You hit the kobold but do no damage.
The kobold is moderately wounded.
The kobold hits you with a +0 short sword.
* * * LOW HITPOINT WARNING * * *
You closely miss the kobold.
The kobold is moderately wounded.
The kobold hits you with a +0 short sword.
You die...

#########
#.......########
#..............#
#.......######.#
######### #.......# #.#
#........ ###.##### #.#
#........ #)# #.#
#........
#.##########.###.(......
#....†.....>..@K.$......
#..#########.###........
#..#......##.###(......!
#..#.####.##...#†...$...
#..#....#.##.#.#........
#..#..#......#.#).......
#..#......#### #####....
#..#....#### ....
#........... ...


You could see a kobold.

Vanquished Creatures
  A dart slug (D:1)
  2 bats (D:1)
  An endoplasm (D:1)
  2 goblins (D:1)
  2 hobgoblins (D:1)
  A frilled lizard (D:1)
  A kobold (D:1)
  A rat (D:1)
11 creatures vanquished.

Vanquished Creatures (others)
  A plant (D:1)
1 creature vanquished.

Grand Total: 12 creatures vanquished

Notes
Turn   | Place    | Note
-------+----------+-------------------------------------------
     0 | D:1      | LynnLen the Spriggan Enchanter began the quest for the Orb.
     0 | D:1      | Reached XP level 1. HP: 9/9 MP: 5/5
   387 | D:1      | Reached XP level 2. HP: 14/14 MP: 6/6
   542 | D:1      | Slain by a kobold

Illustrated notes

Levels and vault maps discovered:
D:1:      psy_arrival_radial01, layout_basic, serial_bayou_crossing

Skill      XL: |  1  2 |
---------------+-------+-----
Spellcasting   | 3 |  3.0
Fighting       | |  0.5
Short Blades   | |  1.1
Dodging        | |  2.6
Stealth        | |  4.8
Hexes          | |  3.8

Action                   || total
-------------------------++-------
Melee: Dagger            ||    38
 Stab: Sleeping          ||     2
       Distracted        ||     1
Armor: Robe              ||     4
Dodge: Dodged            ||    26
